[Event "*** Titled Tuesday Blitz"]
[Site "Chess.com"]
[Date "2019.05.07"]
[Round "5"]
[White "Casablanca"]
[Black "WorldChampionBulletChess"]
[Result "0-1"]
[WhiteElo "2142"]
[BlackElo "2108"]
[TimeControl "180+2"]
[EndTime "14:08:48 PDT"]
[Termination "WorldChampionBulletChess won by resignation"]

1. d4 Nf6 2. Bg5 g6 3. Bxf6 exf6 4. e3 Bg7 5. g3 O-O 6. Bg2 c6 7. Ne2 d5 8. O-O Re8 9. Nd2 Nd7 10. c4 Nb6 11.
cxd5 cxd5 12. Rc1 Bg4 13. h3 Bf5 14. Nf4 Qd7 15. Qb3 Rad8 16. g4 Be6 17. Rc3 Na4 18.
Rc2 b5 19. Rfc1 Nb6 20. Rc7 Qd6 21. R1c6 Qf8 22. Rxa7 Nc4 23. Nxc4 bxc4 24. Nxe6 Rxe6 25. Qb6 Rb8 26. Rb7 Rxb7 27. Qxb7 Re7 28. Qb4 Qa8 29. Rb6 Re8 30. a4 f5 31. gxf5 gxf5 32. a5 f4 33. a6 fxe3 34. fxe3 Bf8 35. Qb5 Qd8 36. Rb7 Rxe3 37. Qxd5 Re1+ 38. Kf2 Qh4+ 39. Kf3 Qf6+ 40. Kg4 Be7 41. Rb8+ Kg7 42. Qh5 Bd6 43. Qg5+ Qxg5+ 44. Kxg5 Bxb8 45. d5 Rg1 0-1

[Event "*** Titled Tuesday Blitz"]
[Site "Chess.com"]
[Date "2019.05.07"]
[Round "5"]
[White "Firouzja2003"]
[Black "mitrabhaa"]
[Result "1-0"]
[WhiteElo "3063"]
[BlackElo "2659"]
[TimeControl "180+2"]
[EndTime "14:08:49 PDT"]
[Termination "Firouzja2003 won by resignation"]

1. e4 c6 2. d4 d5 3. e5 Bf5 4. Nf3 e6 5. Be2 Ne7 6. O-O Nd7 7. Nbd2 Bg6 8. Nh4 c5 9. Nxg6 hxg6 10. c3 Nc6 11. Nf3 Be7 12. a3 a5 13. g3 Rc8 14.
h4 Nb6 15. Kg2 a4 16. Bb5 Ra8 17. dxc5 Bxc5 18. Nd4 Qc7 19. Be3 Bxd4 20. cxd4 Ra5 21. Be2 Nc4 22. Rc1 b5 23. Bxc4 bxc4 24. Rh1 Qb7 25. h5 gxh5 26. Rxh5 Rg8 27. Qh1 Kd7 28.
Rh8 Qb8 29. Rxg8 Qxg8 30. Bd2 Ra8 31. Qh4 Qh8 32. Qf4 Qh5 33. Rh1 Qg6 34. Rh4 Rg8 35.
Bc3 Qf5 36. Qe3 g5 37. Rh6 Rg7 38. Qe2 Ne7 39. Qd1 Rh7 40. g4 Rxh6 41. gxf5 Nxf5 42.
Qxa4+ Kd8 43. Qa8+ Kd7 44. Qb7+ Kd8 45. Ba5+ Ke8 46. Qc8+ 1-0

[Event "*** Titled Tuesday Blitz"]
[Site "Chess.com"]
[Date "2019.05.07"]
[Round "5"]
[White "Veiso"]
[Black "Chessialist"]
[Result "0-1"]
[WhiteElo "2373"]
[BlackElo "2572"]
[TimeControl "180+2"]
[EndTime "14:08:59 PDT"]
[Termination "Chessialist won by resignation"]

1. d4 Nf6 2. Nf3 g6 3. c4 Bg7 4. Nc3 d6 5. e4 O-O 6. Be2 e5 7. Be3 Ng4 8. Bg5 f6 9. Bc1 Nh6 10.
dxe5 fxe5 11. Bg5 Qd7 12. Qd2 Nf7 13. Be3 Nc6 14. O-O b6 15. Rfd1 Nfd8 16. Nd5 Ne6 17.
Bh6 Bxh6 18. Qxh6 Ncd4 19. Nxd4 Nxd4 20. Bf1 c6 21. Ne3 Qg7 22. Qxg7+ Kxg7 23. b3 Be6 24. f3 a5 25. Bd3 a4 26. Nc2 axb3 27. Nxd4 exd4 28.
axb3 c5 29. Kf2 g5 30. Ke2 Kf6 31. g3 Ke5 32. Rf1 Ra5 33. Rxa5 bxa5 34. Ra1 Rb8 35.
Bc2 Ra8 36. Rf1 a4 37. f4+ gxf4 38. gxf4+ Kf6 39. bxa4 Bxc4+ 40. Bd3 Rxa4 41. Bxc4 Rxc4 42. Rb1 Rc2+ 43. Kd3 Rxh2 44. Rb6 Ke7 45. Rb7+ Ke6 46. Rb6 Kd7 47. f5 Kc7 48. Ra6 Rh4 49. Ra7+ Kb6 50. Re7 Rh3+ 51. Kc4 Kc6 0-1

[Event "*** Titled Tuesday Blitz"]
[Site "Chess.com"]
[Date "2019.05.07"]
[Round "5"]
[White "Indianlad"]
[Black "penguingm1"]
[Result "0-1"]
[WhiteElo "2894"]
[BlackElo "2924"]
[TimeControl "180+2"]
[EndTime "14:09:00 PDT"]
[Termination "penguingm1 won by resignation"]

1. d4 d5 2. c4 e6 3. Nf3 Nf6 4. Nc3 Be7 5. Bg5 h6 6. Bxf6 Bxf6 7. Qc2 O-O 8. O-O-O Nc6 9. e4 Nb4 10. Qd2 c5 11. e5 cxd4 12. Qxd4 Be7 13. a3 Nc6 14. Qf4 d4 15. h4 Qa5 16. Nb5 f6 17. Qe4 f5 18. Qc2 a6 19. Nbxd4 Nxe5 20. Kb1 Nxf3 21. Nxf3 Bf6 22. c5 b5 23. g4 Bb7 24. c6 Rac8 25.
Rd6 Qc7 26. Rxe6 Bxc6 27. Qb3 Kh8 28. g5 Bd5 29. Qd1 Bxf3 30. Be2 Bxh1 31. gxf6 Be4+ 32. Rxe4 fxe4 33. Bg4 Rcd8 0-1

[Event "*** Titled Tuesday Blitz"]
[Site "Chess.com"]
[Date "2019.05.07"]
[Round "5"]
[White "tomozupan"]
[Black "GMJimKnopf"]
[Result "0-1"]
[WhiteElo "2279"]
[BlackElo "2400"]
[TimeControl "180+2"]
[EndTime "14:09:02 PDT"]
[Termination "GMJimKnopf won by checkmate"]

1. d4 Nf6 2. Bg5 Ne4 3. Bf4 d5 4. f3 Nf6 5. e4 dxe4 6. Nc3 exf3 7. Nxf3 Bg4 8. Bc4 e6 9. h3 Bh5 10. g4 Bg6 11. Qe2 Be7 12. O-O-O c6 13. Ne5 Nd5 14. Nxd5 cxd5 15. Bb5+ Kf8 16. Rdf1 Nc6 17. Bxc6 bxc6 18. Nxc6 Qb6 19. Nxe7 Kxe7 20. Qd2 Rhc8 21. c3 a5 22. h4 a4 23. h5 Be4 24. Rh2 Ra7 25. g5 Qa5 26. Be5 Ra6 27. Bxg7 Rac6 28. Bf6+ Ke8 29.
Be5 Rxc3+ 30. bxc3 Rxc3+ 31. Kd1 Rd3 32. Qxd3 Bxd3 33.
Rf3 Qc3 34. Rhh3 Qc2+ 35. Ke1 Qe2# 0-1

[Event "*** Titled Tuesday Blitz"]
[Site "Chess.com"]
[Date "2019.05.07"]
[Round "5"]
[White "Cryptochess"]
[Black "Jospem"]
[Result "1-0"]
[WhiteElo "2570"]
[BlackElo "2901"]
[TimeControl "180+2"]
[EndTime "14:09:03 PDT"]
[Termination "Cryptochess won on time"]

1. e4 e5 2. Nf3 Nc6 3. Bc4 Bc5 4. c3 Nf6 5. d3 d6 6. O-O a6 7. Bb3 Ba7 8. Nbd2 h6 9. Re1 Ne7 10. Nf1 Ng6 11. Ng3 O-O 12. d4 b5 13. h3 c5 14. Be3 Bb7 15. Bc2 Re8 16. d5 c4 17.
Qd2 Bxe3 18. Qxe3 Bc8 19. a4 Bd7 20. Ra3 Nf4 21. Rea1 Rb8 22. axb5 Bxb5 23. Nd2 g6 24. b3 Rc8 25. bxc4 Bxc4 26. Nxc4 Rxc4 27. Rxa6 Qc7 28. Ra7 Qc5 29. R1a3 Rc8 30. Ra8 Rxa8 31. Rxa8+ Kg7 32.
Qxc5 Rxc5 33. Ra3 Nd7 34. Kf1 Nb6 35. Ne2 Nc4 36. Ra6 1-0

[Event "*** Titled Tuesday Blitz"]
[Site "Chess.com"]
[Date "2019.05.07"]
[Round "5"]
[White "fastestmindalive"]
[Black "Hikaru"]
[Result "0-1"]
[WhiteElo "2654"]
[BlackElo "3206"]
[TimeControl "180+2"]
[EndTime "14:09:04 PDT"]
[Termination "Hikaru won by resignation"]

1. e4 d6 2. d4 g6 3. Nc3 Bg7 4. h3 a6 5. a4 b6 6. Be3 e6 7. f4 Bb7 8. Nf3 Nd7 9. Bd3 c5 10.
Qe2 Ne7 11. O-O O-O 12. Qf2 Nc6 13. Rad1 Nb4 14. f5 exf5 15. exf5 Bxf3 16. gxf3 d5 17. Kh1 Re8 18. fxg6 hxg6 19. dxc5 bxc5 20. Bxc5 Nxc5 21. Qxc5 Qh4 22. Qf2 Qxh3+ 23. Qh2 Qd7 24. Qh4 Re5 25. Kg2 Nxd3 26. Rxd3 Rh5 27. Qg4 Qc7 28. Rh1 Rxh1 29.
Kxh1 d4 30. Qe4 Rd8 31. Qh4 Re8 32. Rxd4 Bxd4 33. Qxd4 Qe5 34. Qxe5 Rxe5 35. Kg2 Rc5 36. Kf2 g5 37. Ke3 Rc4 38. Kd3 Rf4 39. Ke2 f5 40. Nd5 Rxa4 41. Ne7+ Kf7 42. Nxf5 Ra2 43. b3 Rxc2+ 44. Kd3 Rb2 45. Nd4 Kf6 46. Ke4 Rb1 47.
Kd5 Rd1 48. Ke4 Re1+ 49. Kd5 Re3 50. b4 Ra3 51. Kc5 Ke5 52. Kc4 Ra1 53. Ne2 Rf1 54. Kc5 Rxf3 55. Kb6 Rf6+ 56. Ka5 g4 0-1

[Event "*** Titled Tuesday Blitz"]
[Site "Chess.com"]
[Date "2019.05.07"]
[Round "5"]
[White "PNEPaul"]
[Black "AlexandraBotez"]
[Result "0-1"]
[WhiteElo "1841"]
[BlackElo "1993"]
[TimeControl "180+2"]
[EndTime "14:09:04 PDT"]
[Termination "AlexandraBotez won by resignation"]

1. e4 e6 2. d4 d5 3. e5 c5 4. Qg4 Nc6 5. Nf3 Nge7 6. Bd3 Ng6 7. h4 cxd4 8. Qg3 Qc7 9. Bf4 Bb4+ 10. c3 dxc3 11.
bxc3 Be7 12. Bxg6 hxg6 13. h5 Bd7 14. Nbd2 O-O-O 15. h6 gxh6 16. Rxh6 Rxh6 17. Bxh6 Rh8 18. Qf4 Na5 19. Qe3 Bc5 20. Qf4 Qb6 21. Ke2 Bxf2 22.
Nb3 Nxb3 23. axb3 Qxb3 24. Kxf2 Qb2+ 25. Kg3 Qxa1 26. Qxf7 Rxh6 27. Qf8+ Kc7 28. Qxh6 Qxc3 29. Qxg6 a5 30. Qg5 a4 31. Qd2 Qb3 32. Kf4 a3 33.
Nd4 Qc4 34. Ke3 b5 35. g4 b4 36. g5 a2 37. Nc2 Be8 38. Nxb4 a1=Q 0-1

[Event "*** Titled Tuesday Blitz"]
[Site "Chess.com"]
[Date "2019.05.07"]
[Round "5"]
[White "pheonixking2000"]
[Black "RzayevB"]
[Result "0-1"]
[WhiteElo "2761"]
[BlackElo "2716"]
[TimeControl "180+2"]
[EndTime "14:09:10 PDT"]
[Termination "RzayevB won on time"]

1. d4 d5 2. Nf3 Nf6 3. Bf4 g6 4. e3 Bg7 5. h3 O-O 6. Nbd2 c5 7. c3 Nc6 8. Be2 Nd7 9. Bh2 e5 10. dxe5 Ndxe5 11. Nxe5 Nxe5 12. O-O Be6 13. Nf3 Nxf3+ 14. Bxf3 Qb6 15. Bxd5 Rfd8 16. c4 Qxb2 17. Rb1 Qxa2 18. e4 b6 19. Qd3 Bxd5 20. cxd5 c4 21. Qe3 c3 22. Bc7 Re8 23. d6 Qa4 24. Rfe1 f5 25. Qd3 fxe4 26. Qd5+ Kh8 27. d7 Red8 28. Bxd8 Rxd8 29.
Rxe4 c2 30. Rbe1 Qxd7 31. Qxd7 Rxd7 32. Re8+ Bf8 33. Rxf8+ Kg7 34. Rc8 Rd1 35. Kf1 Rd2 36. Rc7+ Kf6 37. Rxa7 b5 38. Ra2 b4 39. Ra6+ Kg5 40.
h4+ Kh6 41. Rb6 Rd1 42. Rc6 b3 0-1

[Event "*** Titled Tuesday Blitz"]
[Site "Chess.com"]
[Date "2019.05.07"]
[Round "5"]
[White "BlueWizzard"]
[Black "eldur16"]
[Result "0-1"]
[WhiteElo "2757"]
[BlackElo "2560"]
[TimeControl "180+2"]
[EndTime "14:09:11 PDT"]
[Termination "eldur16 won by resignation"]

1. e4 c5 2. Nc3 Nc6 3. Nf3 e6 4. d4 cxd4 5. Nxd4 Qc7 6. Qd3 a6 7. Nxc6 bxc6 8. b3 Nf6 9. Bb2 Be7 10. Qg3 Qxg3 11. hxg3 d5 12. Bd3 h6 13. O-O-O Bb7 14.
f3 Nd7 15. Na4 O-O 16. g4 c5 17. exd5 exd5 18. Bf5 Rad8 19. Kb1 Bc6 20. Rhe1 Rfe8 21. Bxd7 Bxd7 22. Rxd5 Bxa4 23. Rde5 Bf6 24. Rxe8+ Bxe8 25. Bxf6 gxf6 26. Kb2 Bc6 27. Kc3 Kg7 28. Re7 Bb5 29. a4 Bf1 30. g3 Rd5 31. Re1 Bg2 32. Kc4 Re5 33. Rxe5 fxe5 34. Kxc5 Bxf3 35. b4 Bxg4 36. Kd5 Bd7 37. b5 axb5 38. a5 Kf6 39. a6 Bc8 40. a7 Bb7+ 41. Kc5 e4 42. Kd4 Kf5 43. Ke3 Ke5 44. c3 f5 45. Ke2 f4 46. gxf4+ Kxf4 47. Kf2 e3+ 48. Ke2 Ke4 49. Ke1 h5 50. Ke2 h4 51. c4 bxc4 52. Ke1 c3 53.
Ke2 c2 0-1

[Event "*** Titled Tuesday Blitz"]
[Site "Chess.com"]
[Date "2019.05.07"]
[Round "5"]
[White "Gergo85"]
[Black "Szparu"]
[Result "1/2-1/2"]
[WhiteElo "2624"]
[BlackElo "2517"]
[TimeControl "180+2"]
[EndTime "14:09:15 PDT"]
[Termination "Game drawn by agreement"]

1. e4 c5 2. Nf3 Nc6 3. Bb5 d6 4. Bxc6+ bxc6 5. O-O e5 6. c3 f5 7. exf5 Be7 8. d4 e4 9. Nfd2 Bxf5 10. dxc5 d5 11. b4 Nf6 12. Nb3 O-O 13. Nd4 Bg4 14.
Nxc6 Qe8 15. Nxe7+ Qxe7 16. Qd4 Qf7 17. Bf4 h5 18. Bd6 Qg6 19. Kh1 Rf7 20. Nd2 h4 21. h3 Be2 22. Rfe1 Bd3 23. Be5 Qf5 24. c6 Ng4 25. hxg4 Qxg4 26. Qe3 Rf5 27. Bh2 Raf8 28. c7 Rxf2 29. Qh3 Qxh3 30. gxh3 Rxd2 31. a4 Be2 32. Rxe2 Rxe2 33. b5 Rb2 34. Rd1 e3 35. Bd6 e2 36. Rg1 Re8 37. Re1 Rc2 38. Be5 Rd2 39.
Kg2 Rf8 40. a5 Rb2 41. b6 axb6 42. axb6 Rxb6 43. Rxe2 Re6 44. Re3 Rc8 45. Kf3 Rxe5 46. Rxe5 Rxc7 47. Rxd5 Rxc3+ 48. Kg4 Rc4+ 49. Kg5 Kh7 50.
Rd7 Re4 51. Rc7 1/2-1/2

[Event "*** Titled Tuesday Blitz"]
[Site "Chess.com"]
[Date "2019.05.07"]
[Round "5"]
[White "Gentlejimmy7"]
[Black "MikaelyanArman"]
[Result "1-0"]
[WhiteElo "2469"]
[BlackElo "2683"]
[TimeControl "180+2"]
[EndTime "14:09:19 PDT"]
[Termination "Gentlejimmy7 won by resignation"]

1. d4 Nf6 2. g3 c5 3. Nf3 cxd4 4. Nxd4 e5 5. Nb3 d5 6. Bg2 Be7 7. Bg5 Be6 8. Nc3 Nbd7 9. O-O O-O 10. f4 e4 11. f5 h6 12. fxe6 fxe6 13. Bxf6 Bxf6 14.
Qd2 Ne5 15. e3 Nc4 16. Qe2 Nxb2 17. Nb5 Nc4 18. N5d4 Qb6 19. Bh3 e5 20. Be6+ Kh8 21. Bxd5 Nxe3 22. Rxf6 Rxf6 23. Qxe3 exd4 24. Qxd4 Qc7 25.
Qxe4 Raf8 26. Nd4 Qc3 27. Re1 Qd2 28. Ne6 Qf2+ 29. Kh1 Re8 30. Qe2 Qf5 31. c4 b5 32.
g4 Qg6 33. Nf4 Rxe2 34. Nxg6+ Rxg6 35. Rxe2 bxc4 36. Re8+ Kh7 37. Be4 1-0

[Event "*** Titled Tuesday Blitz"]
[Site "Chess.com"]
[Date "2019.05.07"]
[Round "5"]
[White "GrigorGrigorov"]
[Black "Lagmantr"]
[Result "1-0"]
[WhiteElo "2829"]
[BlackElo "2590"]
[TimeControl "180+2"]
[EndTime "14:09:20 PDT"]
[Termination "GrigorGrigorov won by resignation"]

1. d4 d5 2. c4 Nf6 3. cxd5 g6 4. Nf3 Bg7 5. h4 Nxd5 6. h5 c5 7. h6 Bf6 8. e4 cxd4 9. e5 Nc6 10. exf6 Nxf6 11. Be2 O-O 12. O-O e5 13. Bg5 e4 14.
Nfd2 Bf5 15. Bb5 Ne5 16. Nb3 d3 17. N3d2 Qb6 18. Nc3 Nfg4 19. Qe1 a6 20. Ba4 Qc7 21. g3 b5 22. Bd1 Rae8 23. Ncxe4 Nc4 24. Bxg4 Bxe4 25.
Nxe4 f5 26. Nf6+ Kf7 27. Nxe8 Rxe8 28. Qc3 Qe5 29. Qxe5 Nxe5 30. Bd1 Rc8 31. Bb3+ Kf8 32. Rfe1 Nf3+ 33. Kg2 Nxg5 34. Rad1 Rd8 35. Re3 d2 36. Re2 Ne4 37. f3 Nc5 38. Rexd2 Rxd2+ 39. Rxd2 Ke7 40. Bg8 Ne4 41. fxe4 1-0

[Event "*** Titled Tuesday Blitz"]
[Site "Chess.com"]
[Date "2019.05.07"]
[Round "5"]
[White "chessking2151"]
[Black "hellokostya"]
[Result "1-0"]
[WhiteElo "2598"]
[BlackElo "2530"]
[TimeControl "180+2"]
[EndTime "14:09:20 PDT"]
[Termination "chessking2151 won by resignation"]

1. e4 c5 2. Nf3 e6 3. d4 cxd4 4.
Nxd4 Nc6 5. Nc3 Qc7 6. Be3 a6 7. a3 Nf6 8. f4 Be7 9. Qf3 d6 10. Bd3 Bd7 11. h3 O-O 12. g4 Nxd4 13. Bxd4 e5 14.
Be3 exf4 15. Bxf4 Be6 16. O-O-O Nd7 17. Kb1 Bf6 18. Nd5 Bxd5 19. exd5 Qb6 20. Bc1 Rfe8 21.
Qf5 Nf8 22. g5 Be5 23. Rhf1 Re7 24. h4 g6 25. Qg4 Rae8 26. h5 Qd4 27. Qg2 Qc5 28.
hxg6 fxg6 29. Rf3 b5 30. Rdf1 b4 31. Be3 Qa5 32. axb4 Qxb4 33. Bc1 Rb7 34. c3 Qc5 35. Qf2 Bg7 36. Qxc5 dxc5 37. Bxa6 Ra7 38. Bc4 Nd7 39.
d6+ Kh8 40. Rf7 Rea8 41. Be6 Ne5 42. Rxa7 Rxa7 43. d7 Nc6 44. Rf7 Ra8 45. Bd5 Nd8 46.
Re7 1-0

[Event "*** Titled Tuesday Blitz"]
[Site "Chess.com"]
[Date "2019.05.07"]
[Round "5"]
[White "nitpicker"]
[Black "kacprekt"]
[Result "0-1"]
[WhiteElo "2228"]
[BlackElo "2315"]
[TimeControl "180+2"]
[EndTime "14:09:20 PDT"]
[Termination "kacprekt won on time"]

1. d4 Nf6 2. c4 g6 3. Nc3 d5 4.
Nf3 Bg7 5. h4 dxc4 6. Bf4 c5 7.
e3 Bg4 8. Bxc4 cxd4 9. exd4 O-O 10. Be2 Nc6 11. Be3 Nd5 12. Nxd5 Qxd5 13. b3 Rad8 14. Kf1 h5 15. Rc1 Nxd4 16. Nxd4 Bxd4 17. Bxd4 Qxd4 18. Qxd4 Rxd4 19. f3 Bf5 20. Rc7 Rfd8 21. Kf2 R8d7 22. Rhc1 Rxh4 23. Rxd7 Bxd7 24. Rc7 Bc6 25. Rxe7 Kf8 26.
Rc7 Rd4 27. Bc4 Rf4 28. Ba6 Rb4 29. Bc4 Be8 30. Ke3 Rb6 31. Kd4 Rd6+ 32. Ke5 Rd7 33. Rc8 Ke7 34. Bd5 f6+ 35. Ke4 Bf7 36. Bxf7 Kxf7 37.
Rh8 Ke6 38. Rg8 g5 0-1

[Event "*** Titled Tuesday Blitz"]
[Site "Chess.com"]
[Date "2019.05.07"]
[Round "5"]
[White "MFguimaraes"]
[Black "Alex_Terzi"]
[Result "1/2-1/2"]
[WhiteElo "2309"]
[BlackElo "2490"]
[TimeControl "180+2"]
[EndTime "14:09:22 PDT"]
[Termination "Game drawn - insufficient material"]

1. e4 e6 2. d4 d5 3. Bd3 dxe4 4. Bxe4 Nf6 5. Bf3 c5 6. Ne2 Nc6 7. Be3 cxd4 8. Nxd4 Nxd4 9. Qxd4 Qxd4 10. Bxd4 Bd6 11. Nc3 e5 12. Nb5 Bb8 13. Bc5 e4 14. Be2 a6 15. Nd6+ Bxd6 16. Bxd6 Be6 17. O-O-O O-O-O 18. Be7 Rxd1+ 19. Rxd1 Nd5 20. Bc5 Rd8 21. g3 Kc7 22. c4 Nf6 23. Bb6+ Kxb6 24. Rxd8 Kc5 25. a3 a5 26. Kc2 Nd7 27. Rc8+ Kd6 28. b4 axb4 29.
axb4 b6 30. Kc3 Ke5 31. c5 bxc5 32. bxc5 f5 33. c6 Nb6 34. Re8 Kd6 35. Ba6 Nd5+ 36.
Kd4 Nc7 37. Rd8+ Ke7 38. Rb8 Nxa6 39. Rb7+ Kd6 40. Rxg7 h5 41. Rh7 Nb4 42. Rxh5 Nxc6+ 43. Ke3 Ke5 44. g4 Nd4 45. f4+ exf3 46. gxf5 Bxf5 47. Rh4 Ne6 48. Kxf3 Ng5+ 49. Kg3 Ne4+ 50. Kf3 Ng5+ 51. Kg3 Ne4+ 52. Kg2 Kf6 53. Rh8 Kg5 54. Rf8 Bg4 55. h3 Bh5 56. Rg8+ Kf4 57. Rf8+ Kg5 58. h4+ Kg4 59. Kh2 Nd2 60. Rg8+ Kxh4 61. Kg2 Ne4 62. Rh8 Kg4 63. Rxh5 Kxh5 1/2-1/2

[Event "*** Titled Tuesday Blitz"]
[Site "Chess.com"]
[Date "2019.05.07"]
[Round "5"]
[White "FedaMaster"]
[Black "Saitama_Hero"]
[Result "0-1"]
[WhiteElo "2297"]
[BlackElo "2230"]
[TimeControl "180+2"]
[EndTime "14:09:26 PDT"]
[Termination "Saitama_Hero won by resignation"]

1. e4 c5 2. d4 cxd4 3. c3 g6 4. Nf3 Bg7 5. Bc4 b5 6. Bb3 Bb7 7. O-O e6 8. Nxd4 a6 9. a4 bxa4 10. Rxa4 Ne7 11. f3 O-O 12. Be3 d5 13. Nd2 Nd7 14.
Ra1 Nc5 15. Bc2 Rc8 16. exd5 Nxd5 17. Bf2 Nf4 18. Ne4 Nxe4 19. Bxe4 Bxe4 20. fxe4 e5 21. Nf3 Qf6 22. Be3 Rfd8 23. Qc2 Qe6 24. Bxf4 exf4 25.
Qe2 a5 26. Kh1 Rc5 27. Rfd1 Re8 28. Ra4 Qc6 29. Rda1 g5 30. h3 h5 31. Rxa5 Rxa5 32. Rxa5 Rxe4 33. Qb5 Qxb5 34. Rxb5 g4 35. Rb8+ Bf8 36.
hxg4 hxg4 37. Ng5 Re1+ 38. Kh2 f6 39. Nh7 Kxh7 40. Rxf8 Kg6 41. Rg8+ Kf5 42. g3 Re2+ 43. Kg1 f3 44. b4 Rg2+ 45. Kf1 Rxg3 46. Rc8 Rg2 47.
b5 Rb2 48. Ke1 g3 49. Rg8 g2 50. Kd1 Rxb5 51. Kd2 Rb1 52. Rxg2 fxg2 0-1

[Event "*** Titled Tuesday Blitz"]
[Site "Chess.com"]
[Date "2019.05.07"]
[Round "5"]
[White "annamaja"]
[Black "gemarin"]
[Result "1-0"]
[WhiteElo "2176"]
[BlackElo "2089"]
[TimeControl "180+2"]
[EndTime "14:09:30 PDT"]
[Termination "annamaja won on time"]

1. e4 c5 2. Nf3 Nc6 3. d4 cxd4 4. Nxd4 Nf6 5. Nc3 d6 6. Be2 e5 7. Nb3 Be7 8. Be3 Be6 9. O-O O-O 10. f4 exf4 11.
Bxf4 Ne5 12. Qe1 Rc8 13. Rd1 Qb6+ 14. Kh1 Rfd8 15. Qg3 Ng6 16. Be3 Qc6 17. Nd4 Qc7 18.
Ndb5 Qd7 19. Nxa7 Ra8 20. Bb6 Qe8 21. Bxd8 Qxd8 22. Nab5 Ne5 23. b3 Qb6 24. a4 Qc5 25. h3 h6 26. Qf2 Qc6 27. Bf3 b6 28. Nd5 Bxd5 29. exd5 Qd7 30. c4 Qd8 31. Rfe1 Nfd7 32. Nd4 Bf6 33. Nc6 Qf8 34. Be4 Nc5 35. Bc2 Rc8 36.
Qf5 Ng6 37. b4 Nb7 38. Qd7 1-0

[Event "*** Titled Tuesday Blitz"]
[Site "Chess.com"]
[Date "2019.05.07"]
[Round "5"]
[White "Durarbayli"]
[Black "RegZryt"]
[Result "0-1"]
[WhiteElo "2740"]
[BlackElo "2525"]
[TimeControl "180+2"]
[EndTime "14:09:33 PDT"]
[Termination "RegZryt won by resignation"]

1. Nf3 d5 2. c4 e6 3. g3 Nf6 4.
Bg2 Be7 5. O-O O-O 6. b3 c5 7. cxd5 Nxd5 8. Bb2 Bf6 9. Nc3 Nc6 10. Rc1 b6 11.
Qc2 Ndb4 12. Qb1 Bb7 13. Rfd1 Nd4 14. Nxd4 Bxg2 15. Nxe6 fxe6 16. Kxg2 Bd4 17. f3 Nc6 18. Qe4 Qd7 19. e3 Bf6 20. Ba1 Nb4 21. a3 Nd3 22. Rb1 Rad8 23. b4 cxb4 24. axb4 Qe7 25. Qc4 Rd7 26.
Qb3 Rfd8 27. Ne4 Bxa1 28. Rxa1 Qxb4 29. Qxe6+ Kh8 30. Rab1 Qf8 31. Qa2 h6 32. g4 Re7 33.
Rf1 Red7 34. Rbd1 Qb4 35. Qb1 Qe7 36. Ng3 Qc5 37. Ne4 Qc6 38. Ng3 b5 39. Qa1 b4 40.
Nf5 b3 41. Qc3 Qxc3 42. dxc3 Nf4+ 43. exf4 Rxd1 44. Rf2 R8d2 0-1

[Event "*** Titled Tuesday Blitz"]
[Site "Chess.com"]
[Date "2019.05.07"]
[Round "5"]
[White "severomorskij"]
[Black "JonahWillow"]
[Result "1-0"]
[WhiteElo "2775"]
[BlackElo "2716"]
[TimeControl "180+2"]
[EndTime "14:09:34 PDT"]
[Termination "severomorskij won by resignation"]

1. d4 Nf6 2. c4 c5 3. d5 e6 4. Nc3 exd5 5. cxd5 d6 6. e4 g6 7. f4 Bg7 8. Bb5+ Nfd7 9. a4 Qh4+ 10. g3 Qe7 11. Nf3 O-O 12. O-O Na6 13. Re1 Nb4 14.
e5 a6 15. Bf1 dxe5 16. fxe5 Nxe5 17. Nxe5 Bxe5 18. Bf4 f6 19. d6 Qe6 20. Bxe5 fxe5 21. b3 Kg7 22. Bc4 Qf5 23. Rf1 Qg4 24. Rxf8 Kxf8 25.
Qxg4 Bxg4 26. Rf1+ Kg7 27. Rf7+ Kh6 28. Ne4 Bf5 29. Nf6 g5 30. Rxb7 Rd8 31. g4 Kg6 32.
gxf5+ Kxf5 33. Nd7 e4 34. Kf2 Kf4 35. Nxc5 Rxd6 36. Ne6+ Kg4 37. Rxb4 Rd2+ 38. Ke3 Rxh2 39. Bxa6 h5 40. Rxe4+ Kf5 41. Nd4+ Kf6 42. Re6+ Kf7 43. Bc4 Rh3+ 44. Ke4 Kg7 45. Nf5+ 1-0

[Event "*** Titled Tuesday Blitz"]
[Site "Chess.com"]
[Date "2019.05.07"]
[Round "5"]
[White "GukeshDommaraju"]
[Black "DrBergerBerger"]
[Result "0-1"]
[WhiteElo "2615"]
[BlackElo "2433"]
[TimeControl "180+2"]
[EndTime "14:09:37 PDT"]
[Termination "DrBergerBerger won by resignation"]

1. c4 c5 2. Nf3 g6 3. e3 Nf6 4. d4 cxd4 5. exd4 d5 6. Nc3 Bg7 7.
cxd5 O-O 8. Bc4 Nbd7 9. O-O Nb6 10. Bb3 Nfxd5 11. h3 Be6 12. Re1 Rc8 13. Bg5 Bf6 14. Bxf6 exf6 15. Ne4 Nf4 16. Bxe6 Nxe6 17. d5 Nc5 18. d6 Nxe4 19. Rxe4 Rc4 20. Re2 Rc6 21. Rd2 Nc4 22. Rd4 Rxd6 23. Rxd6 Qxd6 24. Qb3 Na5 25.
Qc3 b6 26. Rc1 Rd8 27. b4 Nb7 28. Qc7 Rd7 29. Qc8+ Kg7 30. Qa8 Nd8 31. Rc8 g5 32. Qe4 Ne6 33. h4 h6 34. hxg5 hxg5 35. g3 Qd5 36.
Qe3 Qd1+ 37. Kg2 Qd5 38. Kh2 Qf5 39. Rc1 Rd3 40. g4 Qxf3 41. Qxf3 Rxf3 42. Kg2 Ra3 43. Rc8 Nf4+ 0-1

[Event "*** Titled Tuesday Blitz"]
[Site "Chess.com"]
[Date "2019.05.07"]
[Round "5"]
[White "IakovUlivar"]
[Black "GelmanAlexander"]
[Result "0-1"]
[WhiteElo "2533"]
[BlackElo "2584"]
[TimeControl "180+2"]
[EndTime "14:09:37 PDT"]
[Termination "GelmanAlexander won on time"]

1. e4 c5 2. Nc3 e6 3. g3 Nc6 4. Bg2 Nf6 5. d3 Be7 6. f4 d5 7. e5 Nd7 8. Nf3 O-O 9. O-O a6 10. Qe1 b5 11. f5 b4 12. fxe6 fxe6 13. Ne2 Ndxe5 14. Nxe5 Rxf1+ 15. Qxf1 Nxe5 16. Nf4 Bd6 17. Nxd5 Ra7 18. Nf4 Rf7 19. Qe2 g5 20. Nh3 g4 21.
Ng5 Rf5 22. Ne4 Nf3+ 23. Kh1 Bb7 24. Bxf3 gxf3 25. Qf2 Be5 26. Be3 Bxb2 27. Rg1 Bd4 28. Bxd4 cxd4 29. g4 Rf4 30. g5 Bxe4 31. dxe4 d3 32.
cxd3 Qxd3 33. g6 h6 34. g7 Qxe4 35. Re1 Qf5 36. Rc1 Kxg7 37. Rc7+ Kf6 38. Qb2+ e5 39. Rc6+ Kg5 40. Rc1 f2 0-1

[Event "*** Titled Tuesday Blitz"]
[Site "Chess.com"]
[Date "2019.05.07"]
[Round "5"]
[White "WeAintSurePal"]
[Black "DamianoLew95"]
[Result "0-1"]
[WhiteElo "2216"]
[BlackElo "2445"]
[TimeControl "180+2"]
[EndTime "14:09:40 PDT"]
[Termination "DamianoLew95 won by resignation"]

1. Nf3 d5 2. b3 c5 3. Bb2 Nc6 4. e3 e6 5. Bb5 Ne7 6. O-O a6 7. Be2 Ng6 8. d3 d4 9. exd4 cxd4 10. Nbd2 Bd6 11. Nc4 Bc7 12. a4 O-O 13. Re1 b6 14. Bf1 Bb7 15. g3 b5 16. Ncd2 e5 17. Bg2 Nb4 18. h4 Re8 19. h5 Nf8 20. Ba3 Nd5 21. Ne4 b4 22. Bb2 Ne6 23. Nh4 Rb8 24.
Bh3 Nef4 25. Bf1 Ne6 26. Qg4 Nf6 27. Nxf6+ Qxf6 28. Bg2 Bxg2 29. Kxg2 g6 30. Bc1 Rbc8 31. Re2 Bd6 32. Nf3 Ng7 33. hxg6 hxg6 34. Bg5 Qf5 35.
Qh4 Nh5 36. Rh1 f6 37. Bc1 Kf7 38. g4 Nf4+ 39. Bxf4 Qxf4 40. Re4 Rh8 41. Qxh8 Rxh8 42.
Rxh8 Qc1 43. Rh7+ Ke6 44. a5 Kd5 45. Rg7 Qxc2 46. Re1 Qxd3 47. Rb7 Qxb3 48. Rb6 Qc4 49. Nd2 Qc3 50. Rxd6+ Kxd6 51. Ne4+ Kd5 52. Nxc3+ dxc3 53. Kf3 Kc4 54. Ke3 b3 55. Rb1 b2 56. Ke2 Kb3 57. Kd3 c2 0-1

[Event "*** Titled Tuesday Blitz"]
[Site "Chess.com"]
[Date "2019.05.07"]
[Round "5"]
[White "sergeikim"]
[Black "XiaoKangZhong"]
[Result "0-1"]
[WhiteElo "2465"]
[BlackElo "2238"]
[TimeControl "180+2"]
[EndTime "14:09:41 PDT"]
[Termination "XiaoKangZhong won by resignation"]

1. d4 Nf6 2. c4 g6 3. Nc3 d5 4. cxd5 Nxd5 5. e4 Nxc3 6. bxc3 Bg7 7. Bc4 c5 8. Ne2 O-O 9. O-O Nc6 10. Be3 Qc7 11. Rc1 Rd8 12. Qd2 Qa5 13. d5 Ne5 14. Bb3 Bg4 15. f3 Bd7 16. Bh6 Bb5 17. Bxg7 Kxg7 18. Qe3 Bxe2 19. Qxe2 c4 20. Bc2 Qxc3 21. Rfd1 Rac8 22. f4 Nd3 23. Bxd3 Qd4+ 24.
Qf2 Qxf2+ 25. Kxf2 cxd3 26. Ke3 Rc2 27. Rxc2 dxc2 28. Rc1 Rc8 29. Kd3 Kf8 30. Rxc2 Rxc2 31. Kxc2 Ke8 32. Kc3 Kd7 33. e5 Kc7 34. Kc4 Kb6 35. g4 Kc7 36. Kc5 Kd7 37. f5 gxf5 38. gxf5 f6 39. e6+ Kc7 40. d6+ exd6+ 41. Kd5 b5 42. h4 a5 43. a3 a4 44. h5 b4 45.
axb4 a3 46. Kc4 a2 47. b5 a1=Q 48. b6+ Kxb6 49. e7 Qe1 0-1